 Dungeon Crawl Stone Soup version 0.21.1-1-g345015f (webtiles) character file.

39 letownia2 the Insei (level 3, -3/26 HPs)
             Began as a Merfolk Transmuter on Mar 19, 2018.
             Was an Initiate of Cheibriados.
             Slain by a centaur skeleton (4 damage)
             ... on level 4 of the Dungeon.
             The game lasted 00:03:25 (606 turns).

letownia2 the Insei (Merfolk Transmuter)             Turns: 606, Time: 00:03:26

Health: -3/26      AC:  4    Str: 12    XL:     3   Next: 45%
Magic:  0/6        EV: 13    Int: 13    God:    Cheibriados [......]
Gold:   51         SH:  0    Dex: 15    Spells: 0/6 levels left

rFire    . . .     SeeInvis +     - Unarmed
rCold    . . .     Gourm    .   (no shield)
rNeg     . . .     Faith    .   b - +0 robe
rPois    .         Spirit   .   (no helmet)
rElec    .         Reflect  .   (no cloak)
rCorr    .         Harm     .   f - +1 pair of gloves
MR       .....                  (no boots)
Stlth    ++........             (no amulet)
HPRegen  0.08/turn              j - ring of stealth
MPRegen  0.10/turn              n - ring of see invisible

@: very slightly contaminated, very slow
A: change form in water, swift swim, stealthy swim
a: Bend Time, Renounce Religion


You were on level 4 of the Dungeon.
You worshipped Cheibriados.
Cheibriados was noncommittal.
You were not hungry.

You visited 2 branches of the dungeon, and saw 6 of its levels.

You collected 51 gold pieces.

Inventory:

Hand Weapons
 s - a +0 trident
Missiles
 a - 7 arrows
 o - a stone (quivered)
 q - 6 javelins
Armour
 b - a +0 robe (worn)
 f - a +1 pair of gloves (worn)
Jewellery
 j - a ring of stealth (left hand)
 n - a ring of see invisible (right hand)
Wands
 l - a wand of acid (10)
Scrolls
 h - 2 scrolls of fog {unknown}
 i - a scroll of enchant weapon {unknown}
 m - 2 scrolls of amnesia {unknown}
 r - a scroll of remove curse {unknown}
Potions
 e - 2 potions of haste {unknown}
 g - a potion of brilliance {unknown}
 k - 2 potions of resistance {unknown}
Books
 c - a book of Changes

   Spells                             Type                      Level
   a - Beastly Appendage              Transmutation                1
   b - Sticks to Snakes               Transmutation                2
   c - Spider Form                    Transmutation/Poison         3
   d - Ice Form                       Ice/Transmutation            4
   e - Blade Hands                    Transmutation                5
Comestibles
 d - 4 rations


   Skills:
 - Level 1.1 Fighting
 - Level 2.6 Dodging
 - Level 4.7 Unarmed Combat
 - Level 2.0 Spellcasting
 + Level 2.8 Transmutations
 + Level 0.3 Poison Magic


You couldn't memorise any spells.
You knew the following spells:

 Your Spells              Type           Power        Failure   Level  Hunger
a - Beastly Appendage     Tmut           #.....       8%          1    ##.....
l - Sticks to Snakes      Tmut           #.......     12%         2    ###....
p - Spider Form           Tmut/Pois      #.........   36%         3    ####...


Dungeon Overview and Level Annotations

Branches:
Dungeon (5/15)             Temple (1/1) D:4

Altars:
Cheibriados
Elyvilon
Fedhas
Hepliaklqana
Kikubaaqudgha
Sif Muna
Trog
Zin
The Shining One

Annotations:
D:2 Sigmund
D:4 Blork the orc


Message History

Unknown command.
You hit the centaur skeleton.
The centaur skeleton is lightly damaged.
The centaur skeleton hits you.
You hit the centaur skeleton.
The centaur skeleton is lightly damaged.
The centaur skeleton hits you.
* * * LOW HITPOINT WARNING * * *
You hit the centaur skeleton.
The centaur skeleton is moderately damaged.
The centaur skeleton hits you but does no damage.
You punch the centaur skeleton!
The centaur skeleton is severely damaged.
The centaur skeleton hits you.
* * * LOW HITPOINT WARNING * * *
You punch the centaur skeleton!
The centaur skeleton is almost destroyed.
The centaur skeleton hits you but does no damage.
The centaur skeleton hits you.
You die...

#.......# #.. #....
#.......# #. ####.
#.......# #. #.
##.....## #. ##...##
#. ###.#### #.
#......# ###.
#.#.##.# #...
#.#.##@# ## #.## #
#...Z..# .. #.#
####.#.####.#.####.#
#.#.........<...#
..# #############
###


You could see a centaur skeleton.

Vanquished Creatures
  A worker ant (D:4)
  An adder (D:4)
  A dart slug (D:3)
  A leopard gecko (D:2)
  2 giant cockroaches (D:3)
  2 goblins
  2 bats (D:2)
  A frilled lizard (D:2)
  A kobold (D:3)
  A rat (D:2)
13 creatures vanquished.

Notes
Turn   | Place    | Note
-------+----------+-------------------------------------------
     0 | D:1      | letownia2 the Merfolk Transmuter began the quest for the Orb.
     0 | D:1      | Reached XP level 1. HP: 15/15 MP: 3/3
   174 | D:2      | Found a blossoming altar of Fedhas.
   219 | D:2      | Noticed Sigmund
   265 | D:2      | Reached XP level 2. HP: 19/21 MP: 3/5
   268 | D:2      | Reached skill level 4 in Unarmed Combat
   342 | D:2      | Learned a level 2 spell: Sticks to Snakes
   405 | D:4      | Reached XP level 3. HP: 14/26 MP: 1/6
   410 | D:4      | Learned a level 3 spell: Spider Form
   410 | D:4      | Found a staircase to the Ecumenical Temple.
   420 | Temple   | Entered the Ecumenical Temple
   426 | Temple   | Became a worshipper of Cheibriados the Contemplative
   460 | D:5      | Entered Level 5 of the Dungeon
   502 | D:4      | Noticed Blork the orc
   605 | D:4      | HP: 1/26 [centaur skeleton (6)]
   606 | D:4      | Slain by a centaur skeleton

Skill      XL: |  1  2 |
---------------+-------+-----
Unarmed Combat | 4 |  4.7
Fighting       | |  1.1
Dodging        | |  2.6
Spellcasting   | |  2.0
Transmutations | |  2.8
Poison Magic   | |  0.3

Action                   || total
-------------------------++-------
Melee: Unarmed           ||    47
       Headbutt          ||     3
       Punch             ||     1
 Cast: Beastly Appendage ||     5
       Sticks to Snakes  ||     5
Armor: Robe              ||    16
Dodge: Dodged            ||    31
